 Dungeon Crawl Stone Soup version 0.29-a0-559-g359e09b9d1 (webtiles) character file.

Game seed: 463101477396218724

100 DocClef the Covert (level 4, 0/41 HPs)
             Began as a Gnoll Delver on June 9, 2022.
             Slain by a quokka (3 damage)
             ... on level 5 of the Dungeon.
             The game lasted 00:00:13 (58 turns).

DocClef the Covert (Gnoll Delver)                     Turns: 58, Time: 00:00:13

Health: 0/41       AC:  3    Str: 13    XL:     4   Next: 73%
Magic:  4/5        EV: 13    Int:  9    God:
Gold:   0          SH:  0    Dex: 14    Spells: 5/5 levels left

rFire   . . .      SeeInvis .   a - +0 short sword
rCold   . . .      Faith    .   (no shield)
rNeg    . . .      Spirit   .   b - +0 leather armour
rPois   .          Reflect  .   (no helmet)
rElec   .          Harm     .   (no cloak)
rCorr   .          Rampage  .   (no gloves)
Will    .....                   (no boots)
Stlth   ++++......              (no amulet)
HPRegen 0.13/turn               (no ring)
MPRegen 0.09/turn               (no ring)

@: no status effects
A: fangs 1, strong nose, distributed training
a: no special abilities


You were on level 5 of the Dungeon.
You visited 1 branch of the dungeon, and saw 1 of its levels.

Inventory:

Hand Weapons
 a - a +0 short sword (weapon)
Armour
 b - a +0 leather armour (worn)
Wands
 g - a wand of digging (3)
Scrolls
 c - a scroll of fog
 d - a scroll of magic mapping
 e - a scroll of fear
Potions
 f - a potion of haste
 h - a potion of flight {unknown}


   Skills:
 + Level 6.6 Fighting
 + Level 4.7 Short Blades
 + Level 1.2 Long Blades
 + Level 1.2 Axes
 + Level 1.2 Maces & Flails
 + Level 1.2 Polearms
 + Level 1.2 Staves
 + Level 1.2 Slings
 + Level 1.2 Bows
 + Level 1.2 Crossbows
 + Level 1.2 Throwing
 + Level 1.2 Armour
 + Level 4.7 Dodging
 + Level 9.6 Stealth
 + Level 1.2 Shields
 + Level 1.2 Unarmed Combat
 + Level 1.2 Spellcasting
 + Level 1.0 Conjurations
 + Level 1.0 Hexes
 + Level 1.0 Summonings
 + Level 1.0 Necromancy
 + Level 1.0 Translocations
 + Level 1.0 Transmutations
 + Level 1.0 Fire Magic
 + Level 1.0 Ice Magic
 + Level 1.0 Air Magic
 + Level 1.0 Earth Magic
 + Level 1.0 Poison Magic
 + Level 1.3 Invocations
 + Level 1.2 Evocations


You had 5 spell levels left.
You didn't know any spells.
Your spell library was empty.

Dungeon Overview and Level Annotations

Branches:
Dungeon (5/15)
 Temple: D:4-7

Altars:


Innate Abilities, Weirdness & Mutations

You have very sharp teeth.
Your uncanny sense of smell can sniff out nearby items.
Your experience applies equally to all skills.


Message History

The howler monkey barely misses you.
You hit the howler monkey.
You kill the howler monkey!
Your Conjurations skill increases to level 1!
Your Hexes skill increases to level 1!
Your Summonings skill increases to level 1!
Your Necromancy skill increases to level 1!
Your Translocations skill increases to level 1!
Your Transmutations skill increases to level 1!
Your Fire Magic skill increases to level 1!
Your Ice Magic skill increases to level 1!
Your Air Magic skill increases to level 1!
Your Earth Magic skill increases to level 1!
Your Poison Magic skill increases to level 1!
Unknown command.
You hit the quokka.
The quokka is heavily wounded.
The quokka misses you.
You hit the quokka.
The quokka is almost dead.
The quokka misses you.
You hit the quokka but do no damage. Your punch misses the quokka.
Your bite misses the quokka.
The quokka is almost dead.
The quokka bites you.
* * * LOW HITPOINT WARNING * * *
You barely miss the quokka.
The quokka is almost dead.
The quokka barely misses you.
You miss the quokka.
The quokka is almost dead.
The quokka misses you.
You barely miss the quokka.
The quokka is almost dead.
The quokka bites you.
* * * LOW HITPOINT WARNING * * *
You closely miss the quokka.
The quokka is almost dead.
The quokka bites you.
You die...

........ ####+###.#.#.#.
#####+#.............. ..
+............#.#.#.#.
...#....................
...........$....#.#.#.#.
........................
...###r#########.#.#.#.
#@# #........ .........#
##.#.#.#. ##########
#...##... #...##.>.
#...####. ##### #. #. #.
#.


You could see a quokka.

Vanquished Creatures
  A howler monkey (D:5)
  2 hounds (D:5)
3 creatures vanquished.

Notes
Turn   | Place    | Note
-------+----------+-------------------------------------------
     0 | D:5      | Reached skill level 9 in Stealth
     0 | D:5      | DocClef the Gnoll Delver began the quest for the Orb.
     0 | D:5      | Reached XP level 1. HP: 23/23 MP: 1/1
    15 | D:5      | Noticed a hound
    16 | D:5      | Noticed a howler monkey
    20 | D:5      | Noticed a hound
    22 | D:5      | Killed a hound
    23 | D:5      | Reached XP level 2. HP: 29/29 MP: 2/2
    23 | D:5      | Reached XP level 3. HP: 35/35 MP: 3/3
    35 | D:5      | Reached skill level 1 in Long Blades
    35 | D:5      | Reached skill level 1 in Axes
    35 | D:5      | Reached skill level 1 in Maces & Flails
    35 | D:5      | Reached skill level 1 in Polearms
    35 | D:5      | Reached skill level 1 in Staves
    35 | D:5      | Reached skill level 1 in Slings
    35 | D:5      | Reached skill level 1 in Bows
    35 | D:5      | Reached skill level 1 in Crossbows
    35 | D:5      | Reached skill level 1 in Throwing
    35 | D:5      | Reached skill level 1 in Armour
    35 | D:5      | Reached skill level 1 in Shields
    35 | D:5      | Reached skill level 1 in Unarmed Combat
    35 | D:5      | Reached skill level 1 in Spellcasting
    35 | D:5      | Reached skill level 1 in Invocations
    35 | D:5      | Reached skill level 1 in Evocations
    35 | D:5      | Reached XP level 4. HP: 24/41 MP: 3/5
    52 | D:5      | Reached skill level 1 in Conjurations
    52 | D:5      | Reached skill level 1 in Hexes
    52 | D:5      | Reached skill level 1 in Summonings
    52 | D:5      | Reached skill level 1 in Necromancy
    52 | D:5      | Reached skill level 1 in Translocations
    52 | D:5      | Reached skill level 1 in Transmutations
    52 | D:5      | Reached skill level 1 in Fire Magic
    52 | D:5      | Reached skill level 1 in Ice Magic
    52 | D:5      | Reached skill level 1 in Air Magic
    52 | D:5      | Reached skill level 1 in Earth Magic
    52 | D:5      | Reached skill level 1 in Poison Magic
    58 | D:5      | Slain by a quokka

Illustrated notes

Levels and vault maps discovered:
D:5:      layout_basic, gammafunk_ghost_smash, st_stairs_12, hex_tiny,
          minivault_24

Skill      XL: |  1  2  3  4 |
---------------+-------------+-----
Stealth        | |  9.6
Long Blades    | 1 |  1.2
Axes           | 1 |  1.2
Maces & Flails | 1 |  1.2
Polearms       | 1 |  1.2
Staves         | 1 |  1.2
Slings         | 1 |  1.2
Bows           | 1 |  1.2
Crossbows      | 1 |  1.2
Throwing       | 1 |  1.2
Armour         | 1 |  1.2
Shields        | 1 |  1.2
Unarmed Combat | 1 |  1.2
Spellcasting   | 1 |  1.2
Invocations    | 1 |  1.3
Evocations     | 1 |  1.2
Conjurations   | 1 |  1.0
Hexes          | 1 |  1.0
Summonings     | 1 |  1.0
Necromancy     | 1 |  1.0
Translocations | 1 |  1.0
Transmutations | 1 |  1.0
Fire Magic     | 1 |  1.0
Ice Magic      | 1 |  1.0
Air Magic      | 1 |  1.0
Earth Magic    | 1 |  1.0
Poison Magic   | 1 |  1.0
Fighting       | |  6.6
Short Blades   | |  4.7
Dodging        | |  4.7

Action                   |  1- 3 |  4- 6 || total
-------------------------+-------+-------++-------
Melee: Short sword       |    11 |    20 ||    31
       Bite              |     1 |       ||     1
 Stab: Sleeping          |     1 |       ||     1
Armor: Leather armour    |     4 |     1 ||     5
Dodge: Dodged            |     9 |    15 ||    24

Table legend: (Time is in decaauts)
 A = Elapsed time spent in this place.
 B = Non-inter-level travel time spent in this place.
 C = Inter-level travel time spent in this place.
 D = Time resting spent in this place.
 E = Time spent auto-exploring this place.
 F = Levels seen in this place.
 G = Mean time per level.
                   A        B        C        D        E       F      G
               +--------+--------+--------+--------+--------+-----+--------+
         Total |     54 |     54 |      0 |      0 |     14 |   1 |   54.0 |
       Dungeon |     54 |     54 |      0 |      0 |     14 |   1 |   54.0 |
               +--------+--------+--------+--------+--------+-----+--------+

Top non-repeatable levels by time:
     D:5: 54 daAuts
